 Dungeon Crawl Stone Soup version 0.28-a0-305-g9e858e973b (webtiles) character file.

Game seed: 2318392261268840653

47 Shayle the Insei (level 3, -1/28 HPs)
             Began as a Djinni Warper on Aug 30, 2021.
             Slain by Natasha (5 damage)
             ... on level 3 of the Dungeon.
             The game lasted 00:02:55 (2053 turns).

Shayle the Insei (Djinni Warper)                    Turns: 2053, Time: 00:02:56

Health: -1/28      AC:  4    Str:  8    XL:     3   Next: 97%
Gold:   61         EV: 11    Int: 19    God:
                   SH:  0    Dex: 12

rFire   + + .      SeeInvis .   g - +4 dagger "Paycehoxt" {vorpal, rPois Str-2 Int+4}
rCold   x . .      Faith    .   (no shield)
rNeg    . . .      Spirit   .   a - +0 leather armour
rPois   ∞          Reflect  .   (no helmet)
rElec   .          Harm     .   e - +0 cloak
rCorr   .          Rampage  .   (no gloves)
Will    .....                   (boots unavailable)
Stlth   +.........              (no amulet)
HPRegen 0.09/turn               (no ring)
MPRegen 0.00/turn               (no ring)

@: flying
A: sickness immunity, fire resistance 2, cold vulnerability 1, float, innate
caster, hp casting, extra vitality 1
a: no special abilities


You were on level 3 of the Dungeon.
You visited 1 branch of the dungeon, and saw 3 of its levels.

You collected 61 gold pieces.

Inventory:

Hand Weapons
 g - the +4 dagger "Paycehoxt" (weapon) {vorpal, rPois Str-2 Int+4}
   (You found it on level 1 of the Dungeon)

   It inflicts extra damage upon your enemies.
   Str:       It affects your strength (-2).
   Int:       It affects your intelligence (+4).
   rPois:     It protects you from poison.
Missiles
 c - 11 boomerangs of dispersal (quivered)
Armour
 a - a +0 leather armour (worn)
 e - a +0 cloak (worn)
Scrolls
 b - 2 scrolls of blinking
 h - 4 scrolls of amnesia {unknown}
 j - 2 scrolls of identify {unknown}
 k - a scroll of enchant armour {unknown}
Potions
 d - a potion of flight {unknown}
 f - 2 potions of ambrosia {unknown}
 i - 2 potions of curing {unknown}


   Skills:
 - Level 2.0 Fighting
 + Level 0.2 Short Blades
 - Level 0.7 Throwing
 - Level 1.0 Armour
 - Level 2.1 Dodging
 + Level 0.7 Stealth
 + Level 3.7 Unarmed Combat
 - Level 2.4 Spellcasting


You couldn't memorise any spells.
You knew the following spells:

 Your Spells              Type           Power      Damage    Failure   Level
a - Blink                 Tloc           N/A        N/A       13%         2
b - Lesser Beckoning      Tloc           11%        N/A       26%         3
c - Gell's Gravitas       Tloc           5%         N/A       26%         3
d - Teleport Other        Tloc           11%        N/A       26%         3
e - Manifold Assault      Tloc           11%        N/A       93%         5
f - Magic Dart            Conj           44%        1d5       9%          1
Your spell library was empty.

Dungeon Overview and Level Annotations

Branches:
Dungeon (3/15)

Altars:

Annotations:
D:3 Natasha


Innate Abilities, Weirdness & Mutations

You are immune to sickness and miasma.
You are immune to poison.
Your flesh is very heat resistant. (rF++)
You are vulnerable to cold. (rC-)
You float through the air rather than walking.
You learn spells naturally, not from books.
Your magical power is your life essence.
You have superior vitality. (+4 HP)


Message History

You see here a +0 dagger.
There is a stone staircase leading up here.
Done exploring.
Done exploring.
(D) Dungeon
Where to? (Enter - D:2, ? - help)
There is a stone staircase leading down here.
You fly downwards.
Natasha hisses angrily.
There is a stone staircase leading up here.
Natasha is nearby!
Natasha casts a spell at you. You resist with some effort. Natasha claws you.
You closely miss Natasha. Natasha claws you!
You hit Natasha.
Natasha is lightly wounded.
Natasha claws you.
You completely miss Natasha.
Natasha is lightly wounded.
Natasha claws you.
You hit Natasha.
Natasha is severely wounded.
Natasha barely misses you.
You hit Natasha but do no damage.
Natasha is severely wounded.
Natasha claws you.
You barely miss Natasha.
Natasha is severely wounded.
Natasha casts a spell at you. The magic dart hits you.
* * * LOW HITPOINT WARNING * * *
You hit Natasha but do no damage.
Natasha is heavily wounded.
Natasha closely misses you.
You barely miss Natasha.
Natasha is heavily wounded.
An orc comes into view. It is wielding a +0 dagger.
Natasha claws you.
You die...

# #. #.#### #
#####.#<.##.###
...............
...............
.......@.#####.
###....h##
#.##... #..
..### #. ... .
.... .....
.o....


You could see Natasha and an orc (wandering).

Vanquished Creatures
  An adder (D:2)
  3 dart slugs
  9 bats
  4 endoplasms
  2 goblins
  4 quokkas (D:1)
  3 ball pythons
  3 frilled lizards (D:1)
  A kobold (D:2)
  3 rats (D:1)
33 creatures vanquished.

Notes
Turn   | Place    | Note
-------+----------+-------------------------------------------
     0 | D:1      | Shayle the Djinni Warper began the quest for the Orb.
     0 | D:1      | Reached XP level 1. HP: 18/18 MP: 0/0
   291 | D:1      | Reached XP level 2. HP: 15/23 MP: 0/0
   481 | D:1      | Reached skill level 3 in Unarmed Combat
   782 | D:1      | Found a faded altar of an unknown god.
   809 | D:1      | Reached XP level 3. HP: 20/28 MP: 0/0
   809 | D:1      | Learned a level 1 spell: Magic Dart
   921 | D:1      | Identified the +4 dagger "Paycehoxt" {vorpal, rPois Str-2
                  | Int+4}
  2042 | D:3      | Noticed Natasha
  2053 | D:3      | Slain by Natasha

Illustrated notes

Levels and vault maps discovered:
D:1:      sevenhm_arrival_forest_fort_large_2, layout_rooms,
          hellmonk_ecumenical_altar_lost_god
D:2:      layout_loops_ring
D:3:      minmay_angry_zag, layout_basic, minivault_24, minmay_pentomino_pile,
          uniq_jessica, uniq_natasha

Skill      XL: |  1  2 |
---------------+-------+-----
Unarmed Combat | 3 |  3.7
Fighting       | |  2.0
Short Blades   | |  0.2
Throwing       | |  0.7
Armour         | |  1.0
Dodging        | |  2.1
Stealth        | |  0.7
Spellcasting   | |  2.4

Action                   || total
-------------------------++-------
Melee: Unarmed           ||    77
       Dagger            ||    50
Armor: Leather armour    ||    68
Dodge: Dodged            ||   110

Table legend: (Time is in decaauts)
 A = Elapsed time spent in this place.
 B = Non-inter-level travel time spent in this place.
 C = Inter-level travel time spent in this place.
 D = Time resting spent in this place.
 E = Time spent auto-exploring this place.
 F = Levels seen in this place.
 G = Mean time per level.
                   A        B        C        D        E       F      G
               +--------+--------+--------+--------+--------+-----+--------+
         Total |   2048 |   1989 |     59 |     82 |   1536 |   3 |  682.7 |
       Dungeon |   2048 |   1989 |     59 |     82 |   1536 |   3 |  682.7 |
               +--------+--------+--------+--------+--------+-----+--------+

Top non-repeatable levels by time:
     D:1: 1317 daAuts
     D:2: 719 daAuts
     D:3: 10 daAuts
